 Dungeon Crawl Stone Soup version 0.32-a0-711-g016ad743e0 (webtiles) character file.

Game seed: 9256423472848368089

1202 runemasterragnar the Cudgeller (level 8, -1/61 HPs)
             Began as a Coglin Warper on Mar 15, 2024.
             Splashed by a jelly's acid (5 damage)
             ... on level 5 of the Dungeon.
             The game lasted 00:09:22 (4621 turns).

runemasterragnar the Cudgeller (Coglin Warper)      Turns: 4621, Time: 00:09:23

Health: -1/61      AC: -4    Str: 18    XL:     8   Next: 44%
Magic:  10/10      EV: 10    Int: 12    God:
Gold:   100        SH:  0    Dex: 12    Spells: 5/10 levels left

rFire   . . .        a - +1 mace {Clara}
rCold   + . .        u - +7 dagger "Kec Quav" {flame, rElec rC+}
rNeg    . . .        b - +1 leather armour
rPois   .            (no helmet)
rElec   +            (no cloak)
rCorr   .            q - +0 pair of gloves
SInv    .            (no boots)
Will    .....        (amulet unavailable)
Stlth   +            (ring unavailable)
HPRegen 0.30/turn    (ring unavailable)
MPRegen 0.12/turn    (no gizmo)

%: no passive effects
@: corroded, revved
A: off-hand wielding, slow wielding, warmup strikes, no jewellery, iridescent
scales 1, strong 1
a: Invent Gizmo


You were on level 5 of the Dungeon.
You visited 1 branch of the dungeon, and saw 5 of its levels.

You collected 226 gold pieces.
You spent 126 gold pieces at shops.

Inventory:

Hand Weapons
 a - a +1 mace (weapon) {Clara}
 e - a +0 dagger {Surin}
 g - a +0 flail {Udom}
 h - a +0 spear
 j - a +0 mace {Hrothgar}
 u - the +7 dagger "Kec Quav" (offhand) {flame, rElec rC+}
   (You took it off an orc on level 5 of the Dungeon)

   rC+:       It protects you from cold.
   rElec:     It insulates you from electricity.
Missiles
 d - 6 darts of dispersal
 s - 2 boomerangs (quivered)
 t - 4 poisoned darts
 y - 2 throwing nets
Armour
 b - a +1 leather armour (worn)
 n - a +0 ring mail
 o - a +0 helmet
 q - a +0 pair of gloves (worn)
Scrolls
 c - 2 scrolls of blinking
 f - a scroll of vulnerability {unknown}
 k - a scroll of enchant weapon
 l - a scroll of amnesia
 p - a scroll of teleportation
 r - 4 scrolls of identify
 v - a scroll of revelation
Potions
 m - a potion of cancellation
 x - a potion of degeneration


   Skills:
 + Level 4.8 Fighting
 - Level 5.6 Maces & Flails
 - Level 1.7 Throwing
 + Level 4.1 Armour
 - Level 1.7 Dodging
 - Level 1.9 Spellcasting
 - Level 3.1 Translocations
 + Level 4.8 Evocations


You had 5 spell levels left.
You knew the following spells:

 Your Spells              Type           Power      Damage    Failure   Level
a - Fugue of the Fallen   Necr           1%         N/A       69%         3
b - Blink                 Tloc           16%        N/A       14%         2

Your spell library contained the following spells:

 Spells                   Type           Power      Damage    Failure   Level
 Lesser Beckoning         Tloc           16%        N/A       14%         2
 Gell's Gravitas          Tloc           8%         N/A       26%         3
 Teleport Other           Tloc           8%         N/A       26%         3
 Ensorcelled Hibernation  Hex/Ice        2%         N/A       45%         2
 Manifold Assault         Tloc           8%         N/A       65%         4
 Vhi's Electric Charge    Tloc/Air       8%         N/A       86%         4
 Anguish                  Hex/Necr       0%         N/A       97%         4
 Dispersal                Tloc           4%         N/A       100%        6
 Disjunction              Tloc           4%         N/A       100%        8


Dungeon Overview and Level Annotations

Branches:
Dungeon (5/15)
 Temple: D:4-7

Altars:
Cheibriados
Ru

Shops:
D:4 !   D:5 :

Annotations:
D:3 Grinder


Innate Abilities, Weirdness & Mutations

You can wield a second weapon in your off-hand.
It takes a long time for you to wield or remove held weapons.
Your first few attacks do less damage.
You cannot equip rings or amulets.
You are partially covered in iridescent scales. (AC +2)
Your muscles are strong. (Str +4, Int/Dex -1)


Message History

You hit the hound with the +7 dagger "Kec Quav".
You burn the hound.
You kill the hound!
You hit the jelly with your +1 mace.
Your graspers burn!
The jelly is lightly wounded.
You hit the jelly with the +7 dagger "Kec Quav".
You burn the jelly.
Your graspers burn!
The jelly hits you but does no damage.
You hit the jelly with your +1 mace.
Your graspers burn!
The jelly is moderately wounded.
You hit the jelly with the +7 dagger "Kec Quav".
You burn the jelly. The acid corrodes you!
Your graspers burn!
The jelly barely misses you.
The orc wizard mumbles some strange words.
The orc wizard flickers and vanishes!
Deactivating autopickup; reactivate with Ctrl-A.
The jelly closely misses you.
You hit the jelly but do no damage.
Your graspers burn!
The jelly is moderately wounded.
You hit the jelly with the +7 dagger "Kec Quav".
You burn the jelly.
Your graspers burn!
The jelly barely misses you.
Unknown command.
You hit the jelly but do no damage. The acid corrodes you!
Your graspers burn!
* * * LOW HITPOINT WARNING * * *
The jelly is heavily wounded.
You hit the jelly with the +7 dagger "Kec Quav".
You burn the jelly.
Your graspers burn!
* * * LOW HITPOINT WARNING * * *
The jelly hits you.
* * * LOW HITPOINT WARNING * * *
You are splashed with acid!
* * * LOW HITPOINT WARNING * * *
You feel better. The jelly hits you.
* * * LOW HITPOINT WARNING * * *
You are splashed with acid!
* * * LOW HITPOINT WARNING * * *
Unknown command.
You aren't carrying any items that you can evoke.
You hit the jelly with the +7 dagger "Kec Quav".
You burn the jelly. The acid corrodes you!
Your graspers burn!
You die...

.##.# #.# #...# #..
.##.# #.# #... #g#
.##.###.#### #h.#..##
...........##+##'##.##
...........#.........#
...........#.ß..ß..ß.#
...........#...h{)...#
...........#####J#####
..).............@#
).##.......#######
..##.......#
.........###
.........# )........#
.........# .........#
..###....####


You could see a hound and a jelly.

Vanquished Creatures
  Eustachio (D:4)
  Edmund (D:5)
  An ogre (D:5)
  2 bullfrogs (D:5)
  2 scorpions (D:5)
  A howler monkey (D:5)
  4 hounds (D:5)
  A jelly (D:5)
  A bombardier beetle (D:5)
  2 orc priests
  4 iguanas
  2 orc wizards
  5 gnolls (D:5)
  4 adders
  2 ribbon worms (D:2)
  2 dart slugs (D:1)
  14 orcs
  4 bats
  2 endoplasms
  7 giant cockroaches
  4 goblins
  7 hobgoblins
  3 jackals (D:2)
  4 quokkas
  8 ball pythons
  7 frilled lizards
  15 kobolds
  3 rats
113 creatures vanquished.

Notes
Turn   | Place    | Note
-------+----------+-------------------------------------------
     0 | D:1      | runemasterragnar the Coglin Warper began the quest for the
                  | Orb.
     0 | D:1      | Reached XP level 1. HP: 16/16 MP: 3/3
    13 | D:1      | Reached skill level 1 in Throwing
    13 | D:1      | Reached skill level 1 in Armour
   157 | D:1      | Reached XP level 2. HP: 16/22 MP: 4/4
   606 | D:1      | Reached skill level 2 in Maces & Flails
   624 | D:1      | Reached XP level 3. HP: 25/27 MP: 5/5
  1672 | D:2      | Reached XP level 4. HP: 26/34 MP: 6/6
  1740 | D:2      | Found a faded altar of an unknown god.
  1965 | D:3      | Learned a level 3 spell: Fugue of the Fallen
  1970 | D:3      | Learned a level 2 spell: Blink
  2251 | D:3      | Found a snail-covered altar of Cheibriados.
  2252 | D:3      | Noticed Grinder
  2433 | D:4      | Reached XP level 5. HP: 30/40 MP: 7/7
  2562 | D:4      | Reached skill level 3 in Maces & Flails
  2581 | D:4      | Found a sacrificial altar of Ru.
  2596 | D:4      | Reached skill level 1 in Evocations
  2690 | D:4      | Noticed Eustachio
  2720 | D:4      | Found Vubogiegg's Distillery.
  2722 | D:4      | Killed Eustachio
  2723 | D:4      | Reached XP level 6. HP: 30/47 MP: 8/8
  2801 | D:4      | Bought a potion of degeneration for 14 gold pieces
  2801 | D:4      | Bought a potion of lignification for 42 gold pieces
  2801 | D:4      | Bought a potion of heal wounds for 70 gold pieces
  3023 | D:5      | Entered Level 5 of the Dungeon
  3024 | D:5      | Found Gorec's Book Boutique.
  3120 | D:5      | Reached skill level 4 in Maces & Flails
  3142 | D:5      | Reached XP level 7. HP: 34/53 MP: 9/9
  3249 | D:5      | Identified the +7 dagger "Kec Quav" {flame, rElec rC+}
  3267 | D:5      | Noticed Edmund
  3287 | D:5      | Killed Edmund
  3589 | D:5      | Reached skill level 5 in Maces & Flails
  3714 | D:5      | Reached XP level 8. HP: 55/61 MP: 10/10
  4372 | D:5      | Noticed a yak
  4414 | D:5      | Gained mutation: You are agile. (Dex +4, Str/Int -1)
                  | [potion of mutation]
  4414 | D:5      | Gained mutation: You are partially covered in iridescent
                  | scales. (AC +2) [potion of mutation]
  4414 | D:5      | Gained mutation: You have a pair of small antennae on your
                  | head. [potion of mutation]
  4415 | D:5      | Lost mutation: You are partially covered in iridescent
                  | scales. (AC +2) [potion of mutation]
  4415 | D:5      | Lost mutation: You are agile. (Dex +4, Str/Int -1) [potion
                  | of mutation]
  4415 | D:5      | Lost mutation: You have a pair of small antennae on your
                  | head. [potion of mutation]
  4415 | D:5      | Gained mutation: You are robust. (+10% HP) [potion of
                  | mutation]
  4415 | D:5      | Gained mutation: You have a pair of small antennae on your
                  | head. [potion of mutation]
  4416 | D:5      | Lost mutation: You are robust. (+10% HP) [potion of
                  | mutation]
  4416 | D:5      | Lost mutation: You have a pair of small antennae on your
                  | head. [potion of mutation]
  4416 | D:5      | Gained mutation: You expend magic power (3 MP) to
                  | strengthen your wands. [potion of mutation]
  4416 | D:5      | Gained mutation: Your health recovers twice as slowly from
                  | being drained. [potion of mutation]
  4416 | D:5      | Gained mutation: You are partially covered in iridescent
                  | scales. (AC +2) [potion of mutation]
  4417 | D:5      | Lost mutation: Your health recovers twice as slowly from
                  | being drained. [potion of mutation]
  4417 | D:5      | Lost mutation: You are partially covered in iridescent
                  | scales. (AC +2) [potion of mutation]
  4417 | D:5      | Lost mutation: You expend magic power (3 MP) to strengthen
                  | your wands. [potion of mutation]
  4417 | D:5      | Gained mutation: You are partially covered in iridescent
                  | scales. (AC +2) [potion of mutation]
  4417 | D:5      | Gained mutation: Your muscles are strong. (Str +4, Int/Dex
                  | -1) [potion of mutation]
  4621 | D:5      | Splashed by a jelly's acid

Illustrated notes

Levels and vault maps discovered:
D:1:      amcnicky_arrival_double_pillar, layout_loops_cross, minivault_19
D:2:      layout_basic, shapermc_ecumenical_altar_mp_vishouse
D:3:      layout_rooms, nicolae_overflow_hidden_temple,
          minmay_goblin_kobold_house, uniq_grinder
D:4:      layout_cave_pools, nicolae_ru_great_annihilating_truth, serial_shops,
          shop_statue, amethyst_killhole, uniq_eustachio
D:5:      minmay_chambers_of_threes, layout_basic, serial_rivers,
          chequers_serial_rivers_micro_b, chequers_serial_rivers_small_a,
          chequers_serial_rivers_large_a, chequers_serial_rivers_micro_b,
          chequers_serial_rivers_micro_b, chequers_serial_rivers_room_b,
          serial_shops, shop, kennysheep_generic_room_2, uniq_edmund

Skill      XL: |  1  2  3  4  5  6  7  8 |
---------------+-------------------------+-----
Throwing       | 1 |  1.7
Armour         | 1 2 3 4 |  4.1
Maces & Flails | 2 3 4 5 |  5.6
Fighting       | 3 4 |  4.8
Evocations     | 2 3 4 |  4.8
Dodging        | |  1.7
Spellcasting   | |  1.9
Translocations | |  3.1

Action                     |  1- 3 |  4- 6 |  7- 9 || total
---------------------------+-------+-------+-------++-------
  Melee: Mace              |   155 |   176 |   157 ||   488
         Dagger            |    20 |       |    28 ||    48
         Flail             |       |       |    24 ||    24
  Throw: Dart              |       |    10 |     4 ||    14
         Boomerang         |       |     6 |     1 ||     7
  Evoke: Wand              |       |     4 |     2 ||     6
    Use: Scroll            |     6 |     4 |     1 ||    11
         Potion            |     1 |       |    10 ||    11
   Stab: Sleeping          |     1 |       |       ||     1
         Invisible         |       |     1 |       ||     1
 Armour: Leather armour    |    90 |    68 |    76 ||   234
         Skin              |       |       |    15 ||    15
  Dodge: Dodged            |    73 |    63 |    49 ||   185

Table legend: (Time is in decaauts)
 A = Elapsed time spent in this place.
 B = Non-inter-level travel time spent in this place.
 C = Inter-level travel time spent in this place.
 D = Time resting spent in this place.
 E = Time spent auto-exploring this place.
 F = Levels seen in this place.
 G = Mean time per level.
                   A        B        C        D        E       F      G
               +--------+--------+--------+--------+--------+-----+--------+
         Total |   4658 |   4542 |    116 |    460 |   3123 |   5 |  931.6 |
       Dungeon |   4658 |   4542 |    116 |    460 |   3123 |   5 |  931.6 |
               +--------+--------+--------+--------+--------+-----+--------+

Top non-repeatable levels by time:
     D:5: 1441 daAuts
     D:1: 1033 daAuts
     D:2: 853 daAuts
     D:4: 788 daAuts
     D:3: 541 daAuts
